 Dungeon Crawl Stone Soup version 0.23-a0-136-g722f094 (console) character file.

1225 nht the Grappler (level 8, 0/57 (58) HPs)
             Began as a Demonspawn Fighter on Aug 28, 2018.
             Was an Initiate of Ashenzari.
             Slain by Menkaure (14 damage)
             ... on level 6 of the Dungeon.
             The game lasted 00:05:07 (3687 turns).

nht the Grappler (Demonspawn Fighter)               Turns: 3687, Time: 00:05:08

HP:   0/57 (58)     AC: 14    Str: 19    XL:     8   Next: 23%
MP:   8/8           EV:  7    Int: 12    God:    Ashenzari [......]
Gold: 389           SH:  9    Dex: 13    Spells: 6/7 levels left

rFire    . . .     SeeInvis .   w - +1 war axe of Spring {chop, Int+3}
rCold    . . .     Gourm    .   b - +0 shield
rNeg     . . .     Faith    +   a - +0 scale mail
rPois    .         Spirit   .   n - +1 helmet
rElec    .         Reflect  .   s - +2 cloak
rCorr    .         Harm     .   (no gloves)
MR       +....                  (no boots)
Stlth    ..........             m - amulet of faith
HPRegen  0.19/turn              x - ring of protection from magic
MPRegen  0.11/turn              (no ring)

@: no status effects
A: talons 1, icy blue scales 2, demonic guardian 1
a: Curse Item, Renounce Religion


You were on level 6 of the Dungeon.
You worshipped Ashenzari.
Ashenzari was noncommittal.
You were not hungry.

You visited 1 branch of the dungeon, and saw 6 of its levels.

You collected 389 gold pieces.

Inventory:

Hand Weapons
 w - the +1 war axe of Spring (weapon) {chop, Int+3}
   (You found it on level 4 of the Dungeon)

   It inflicts extra damage upon your enemies.
   It affects your intelligence (+3).
Armour
 a - a +0 scale mail (worn)
 b - a +0 shield (worn)
 n - a +1 helmet (worn)
 s - a +2 cloak (worn)
Jewellery
 j - an uncursed ring of fire
 k - an uncursed amulet of guardian spirit
 m - an amulet of faith (around neck)
 x - a ring of protection from magic (left hand)
Wands
 t - a wand of iceblast (12)
 u - a wand of flame (10)
 y - a wand of random effects (15)
 D - a wand of clouds (6)
Scrolls
 o - a scroll of enchant weapon
 q - 4 scrolls of remove curse
 r - a scroll of magic mapping
 v - a scroll of enchant armour
 A - 2 scrolls of amnesia
 C - 2 scrolls of summoning
Potions
 c - a potion of might
 e - 2 potions of degeneration {unknown}
 f - 2 potions of heal wounds
 h - 3 potions of agility
 i - a potion of haste {unknown}
 l - a potion of curing {unknown}
 p - 2 potions of flight {unknown}
 z - a potion of mutation {unknown}
Comestibles
 d - 12 rations
 B - 5 chunks of flesh


   Skills:
 - Level 3.0 Fighting
 - Level 2.6 Armour
 - Level 2.6 Shields
 - Level 8.1 Unarmed Combat
 + Level 5.1 Necromancy


You had 6 spell levels left.
You knew the following spells:

 Your Spells              Type           Power        Failure   Level  Hunger
a - Pain                  Necr           ##..         52%         1    ##.....

Your spell library contained the following spells:

 Spells                   Type           Power        Failure   Level  Hunger
 Animate Skeleton         Necr           N/A          52%         1    ##.....
 Vampiric Draining        Necr           ##........   88%         3    ####...
 Regeneration             Chrm/Necr      #.........   99%         3    ####...
 Animate Dead             Necr           N/A          99%         4    #####..


Dungeon Overview and Level Annotations

Branches:
Dungeon (6/15)             Temple (0/1) D:5

Altars:
Ashenzari
The Shining One

Annotations:
D:6 Menkaure


Innate Abilities, Weirdness & Mutations

You have sharp toenails.
You are mostly covered in icy blue scales. (AC +3)
A weak demonic guardian rushes to your aid.


Message History

Menkaure, Prince of Dust comes into view.
Menkaure shouts!
Menkaure is nearby!
Menkaure calls on the powers of darkness!
Your body is wracked with pain!
Menkaure is nearby!
You swap places.
Menkaure mumbles some strange words.
Menkaure seems to speed up.
You block Menkaure's attack.
Unknown command.
Unknown command.
You completely miss Menkaure. You claw Menkaure, but do no damage.
Your quasit disappears in a puff of smoke!
You block Menkaure's attack.
Menkaure rustles in an indecipherable tongue.
Menkaure hits you!
* * * LOW HITPOINT WARNING * * *
You barely miss Menkaure.
Your ufetubus hits Menkaure. x2; Menkaure hits you!
You die... .█ ██ █. █ █.██ ...█ █..█ █... █..█ █.M█ █5@█ █.5██████. █.§....... █..███████ █..█ ████

██████..█████
...███████.............
...........████..██████
██.█████████ █..█


You could see Menkaure, a friendly shadow imp and a friendly ufetubus.

Vanquished Creatures
  A black bear (D:5)
  A necrophage (D:5)
  2 ogres
  A phantom (D:6)
  A bullfrog (D:6)
  2 scorpions
  An iron imp (D:6)
  4 hounds
  An orc wizard (D:5)
  An orc priest (D:6)
  Terence (D:2)
  2 bullfrog skeletons (D:5)
  An iguana (D:6)
  A worker ant (D:5)
  Robin (D:3)
  6 adders
  2 oozes
  An adder skeleton (D:4)
  3 worms
  A dart slug (D:1)
  4 leopard geckos
  10 orcs
  A ball python (D:1)
  6 giant cockroaches
  11 goblins
  13 hobgoblins
  6 jackals
  3 kobolds
  3 quokkas
  A ball python skeleton (D:2)
  6 bats
  4 frilled lizards
  2 goblin zombies (D:6)
  A hobgoblin zombie (D:6)
  A jackal zombie (D:6)
  2 kobold skeletons (D:6)
  A kobold zombie (D:6)
  A leopard gecko skeleton (D:4)
  An orc skeleton (D:6)
  9 rats
120 creatures vanquished.

Vanquished Creatures (collateral kills)
  A bullfrog (D:6)
  A scorpion (D:2)
  A bullfrog zombie (D:5)
  2 orc priests
  2 orcs (D:4)
  A goblin zombie (D:6)
8 creatures vanquished.

Vanquished Creatures (others)
  A plant (D:4)
1 creature vanquished.

Grand Total: 129 creatures vanquished

Notes
Turn   | Place    | Note
-------+----------+-------------------------------------------
     0 | D:1      | nht the Demonspawn Fighter began the quest for the Orb.
     0 | D:1      | Reached XP level 1. HP: 18/18 MP: 1/1
    53 | D:1      | Reached skill level 2 in Unarmed Combat
   149 | D:1      | Gained mutation: You have sharp toenails. [demonic
                  | ancestry]
   149 | D:1      | Reached XP level 2. HP: 14/24 MP: 2/2
   345 | D:1      | Reached skill level 3 in Unarmed Combat
   397 | D:1      | Gained mutation: You are partially covered in icy blue
                  | scales. (AC +2) [demonic ancestry]
   397 | D:1      | Reached XP level 3. HP: 29/29 MP: 3/3
   741 | D:2      | Noticed Terence
   765 | D:2      | Killed Terence
   795 | D:2      | Gained mutation: A weak demonic guardian rushes to your
                  | aid. [demonic ancestry]
   795 | D:2      | Reached XP level 4. HP: 33/35 MP: 2/4
   798 | D:2      | Reached skill level 4 in Unarmed Combat
  1210 | D:2      | Reached XP level 5. HP: 33/41 MP: 5/5
  1482 | D:3      | Reached skill level 5 in Unarmed Combat
  1491 | D:3      | Noticed Robin
  1522 | D:3      | Killed Robin
  2246 | D:3      | You fall through a shaft!
  2301 | D:4      | Got a twisted war axe
  2302 | D:4      | Identified the +1 war axe of Spring {chop, Int+3} (You
                  | found it on level 4 of the Dungeon)
  2353 | D:4      | Found a shattered altar of Ashenzari.
  2357 | D:4      | Saw a vision of the Swamp and the Snake Pit.
  2357 | D:4      | Noticed a naga
  2357 | D:4      | Noticed a black mamba
  2357 | D:4      | Noticed a salamander
  2357 | D:4      | Noticed an alligator
  2357 | D:4      | Noticed a water moccasin
  2357 | D:4      | Noticed a swamp drake
  2357 | D:4      | Noticed a swamp drake
  2357 | D:4      | Noticed an alligator
  2357 | D:4      | Noticed a swamp drake
  2358 | D:4      | Noticed a mana viper
  2358 | D:4      | Noticed an anaconda
  2358 | D:4      | Noticed an alligator
  2373 | D:4      | Gained mutation: You are mostly covered in icy blue scales.
                  | (AC +3) [demonic ancestry]
  2373 | D:4      | Reached XP level 6. HP: 47/47 MP: 6/6
  2444 | D:4      | Reached skill level 6 in Unarmed Combat
  2787 | D:4      | Became a worshipper of Ashenzari the Shackled
  2808 | D:5      | Entered Level 5 of the Dungeon
  2888 | D:5      | Reached skill level 7 in Unarmed Combat
  2888 | D:5      | Reached XP level 7. HP: 24/52 MP: 7/7
  3019 | D:5      | Found a staircase to the Ecumenical Temple.
  3091 | D:5      | Learned a level 1 spell: Pain
  3338 | D:5      | Reached skill level 8 in Unarmed Combat
  3452 | D:6      | Reached skill level 1 in Necromancy
  3499 | D:6      | Found a glowing golden altar of the Shining One.
  3576 | D:6      | Reached XP level 8. HP: 36/57 MP: 8/8
  3670 | D:6      | Reached skill level 5 in Necromancy
  3681 | D:6      | Noticed Menkaure
  3687 | D:6      | Slain by Menkaure

Vault maps used:
D:1:      dpeg_arrival_pits
D:2:      first_ration, hex_medium, uniq_terence
D:3:      st_stairs_11, uniq_robin
D:4:      grunt_ashenzari_visionary
D:5:      temple_statues
D:6:      basic_altar, nicolae_tso_besieged_by_evil, uniq_menkaure

Skill      XL: |  1  2  3  4  5  6  7  8 |
---------------+-------------------------+-----
Unarmed Combat | 2 3 4 5 7 8 |  8.1
Necromancy     | 3 5 |  5.1
Fighting       | |  3.0
Armour         | |  2.6
Shields        | |  2.6

Action                   |  1- 3 |  4- 6 |  7- 9 || total
-------------------------+-------+-------+-------++-------
Melee: Unarmed           |   122 |   172 |       ||   294
       Kick              |    21 |    44 |    28 ||    93
       War axe           |       |    35 |    88 ||   123
  Use: Scroll            |     4 |     6 |     2 ||    12
 Stab: Distracted        |       |       |     1 ||     1
  Eat: Chunk             |       |     6 |     4 ||    10
Armor: Scale mail        |    54 |    96 |    43 ||   193
Dodge: Dodged            |    17 |    47 |    19 ||    83
Block: Shield            |    56 |    76 |    40 ||   172

Table legend:
 A = Non-vault XP
 B = Vault XP
 C = Vault XP percentage of total XP
 D = Non-vault monster count
 E = Vault monster count
 F = Vault count percentage of total count
                 A         B        C        D         E       F
            +---------+---------+-------+---------+---------+-------
      Total |    1618 |     132 |   7.5 |     102 |      26 |  20.3
            +---------+---------+-------+---------+---------+-------
        D:1 |      46 |       0 |   0.0 |      23 |       0 |   0.0
        D:2 |     123 |      38 |  23.6 |      21 |       1 |   4.5
        D:3 |      78 |      43 |  35.5 |      19 |      16 |  45.7
        D:4 |     265 |       0 |   0.0 |      16 |       0 |   0.0
        D:5 |     580 |       0 |   0.0 |      11 |       0 |   0.0
        D:6 |     526 |      51 |   8.8 |      12 |       9 |  42.9
            +---------+---------+-------+---------+---------+-------
